 Dungeon Crawl Stone Soup version 0.31-a0-183-g4352c244c2 (webtiles) character file.

Game seed: 3360344578282345585

8936 Ijustatesigmund the Tainter (level 11, -11/71 HPs)
             Began as an Octopode Venom Mage on June 22, 2023.
             Was a Priest of Cheibriados.
             Shot with an arrow by a centaur (12 damage)
             ... on level 11 of the Dungeon.
             The game lasted 00:24:36 (14937 turns).

Ijustatesigmund the Tainter (Octopode Venom Mage)  Turns: 14937, Time: 00:24:37

Health: -11/71     AC:  5    Str: 16    XL:     11   Next: 38%
Magic:  13/21      EV: 13    Int: 31    God:    Cheibriados [***...]
Gold:   619        SH:  0    Dex: 19    Spells: 14/24 levels left

rFire   . . .        c - +1 flail (protect)
rCold   . . .        (no shield)
rNeg    + . .        (helmet restricted)
rPois   .            (no amulet)
rElec   +            y - +4 ring of protection
rCorr   .            B - ring "Zegixiu" {rElec rN+ Int+3 Slay+2}
SInv    .            (no ring)
Will    .....        (no ring)
Stlth   +++          (no ring)
HPRegen 0.31/turn    (no ring)
MPRegen 0.17/turn    (no ring)
                     (no ring)

%: no passive effects
@: radiating poison, very slow
A: almost no armour, amphibious, 8 rings, camouflage 1, gelatinous body 1,
(nimble swimmer 1), tentacles
a: Renounce Religion, Bend Time, Temporal Distortion


You were on level 11 of the Dungeon.
You worshipped Cheibriados.
Cheibriados was most pleased with you.
You visited 2 branches of the dungeon, and saw 12 of its levels.

You collected 619 gold pieces.

Inventory:

Hand Weapons
 c - a +1 flail of protection (weapon)
 w - a +0 trident of venom
Missiles
 k - a throwing net
Armour
 b - a +1 kite shield
Jewellery
 g - a ring of poison resistance
 t - a ring of ice
 y - a +4 ring of protection (left tentacle)
 B - the ring "Zegixiu" (right tentacle) {rElec rN+ Int+3 Slay+2}
   (You acquired it on level 9 of the Dungeon)

   [ring of positive energy]

   Int:       It affects your intelligence (+3).
   Slay:      It affects your accuracy & damage with ranged weapons and melee
   (+2).
   rElec:     It insulates you from electricity.
   rN:        It protects you from negative energy.
Wands
 f - a wand of mindburst (9)
 n - a wand of polymorph (14)
 o - a wand of flame (58)
 C - a wand of paralysis (1)
Scrolls
 e - 3 scrolls of poison
 h - 6 scrolls of immolation
 j - a scroll of enchant armour
 p - a scroll of revelation
 q - 5 scrolls of teleportation
 s - a scroll of enchant weapon {unknown}
 v - 2 scrolls of butterflies
 z - a scroll of fog
Potions
 a - 2 potions of magic
 d - a potion of lignification
 i - 8 potions of attraction
 l - 2 potions of brilliance
 m - 3 potions of curing
 r - a potion of enlightenment
 u - 3 potions of ambrosia
 x - a potion of invisibility
 A - a potion of resistance {unknown}
 D - a potion of heal wounds {unknown}


   Skills:
 + Level 5.1 Fighting
 + Level 3.5 Maces & Flails
 - Level 2.0 Dodging
 - Level 2.6 Stealth
 + Level 7.2 Spellcasting
 + Level 7.3 Conjurations
 - Level 1.0 Transmutations
 + Level 7.4 Air Magic
 + Level 9.8 Poison Magic
 + Level 5.8 Invocations
 - Level 2.5 Evocations


You had 14 spell levels left.
You knew the following spells:

 Your Spells              Type           Power      Damage    Failure   Level
a - Sting                 Tmut/Pois      100%       1d8       1%          1
b - Poisonous Vapours     Pois/Air       100%       N/A       1%          2
c - Mephitic Cloud        Conj/Pois/Air  58%        N/A       1%          3
d - Olgreb's Toxic Radia  Pois           64%        N/A       1%          4

Your spell library contained the following spells:

 Spells                   Type           Power      Damage    Failure   Level
 Dazzling Flash           Conj/Hex       68%        N/A       2%          3
 Silence                  Hex/Air        17%        N/A       26%         5
 Agony                    Necr           11%        N/A       77%         5


Dungeon Overview and Level Annotations

Branches:
Dungeon (11/15)            Temple (1/1) D:6            Lair (0/5) D:11
    Orc: D:9-12

Altars:
Ashenzari
Cheibriados
Dithmenos
Elyvilon
Fedhas
Gozag
Hepliaklqana
Kikubaaqudgha
Makhleb
Nemelex Xobeh
Okawaru
Qazlal
Ru
Sif Muna
Trog
Uskayaw
Vehumet
Wu Jian
Xom
Yredelemnul
Zin
The Shining One

Shops:
D:2 (


Innate Abilities, Weirdness & Mutations

You cannot wear most types of armour.
You are amphibious.
You can wear up to eight rings at the same time.
Your skin changes colour to match your surroundings (Stealth+).
Your rubbery body absorbs attacks. (AC +1, EV +1)
((You are camouflaged when in or above water. (Stealth+)))
You have tentacles for arms and can constrict up to eight enemies at once.


Message History

A centaur comes into view.
The centaur shouts!
You hear a shout!
The centaur wields a +0 shortbow.
The centaur shoots an arrow.
The arrow hits you.
A centaur comes into view. x2
The centaur shoots an arrow.
The arrow hits you!
The centaur shouts!
The centaur wields a +0 shortbow.
The centaur shoots an arrow.
The arrow hits you but does no damage.
The centaur wields a +0 shortbow.
The centaur shoots an arrow.
The arrow barely misses you.
Unknown command.
Casting: Olgreb's Toxic Radiance (dangerous; 1% risk of failure)
Confirm with . or Enter, or press ? or * to list all spells.
You begin to radiate toxic energy.
The centaur is poisoned. x4
The centaur looks even sicker. x2; The centaur shoots an arrow.
The arrow misses you.
The centaur shoots an arrow.
The arrow barely misses you.
The centaur looks even sicker.
Your toxic aura wanes.
The centaur shoots an arrow.
The arrow hits you!
The centaur wields a +0 shortbow.
The centaur shoots an arrow.
The arrow misses you.
The centaur shoots an arrow.
The arrow barely misses you.
Unknown command.
Casting: Olgreb's Toxic Radiance (dangerous; 1% risk of failure)
Confirm with . or Enter, or press ? or * to list all spells.
You begin to radiate toxic energy.
The centaur looks even sicker. x4
The centaur shoots an arrow.
The arrow hits you!
The centaur shoots an arrow.
The arrow completely misses you.
The centaur shoots an arrow.
The arrow misses you.
The centaur shoots an arrow.
The arrow closely misses you.
The centaur looks even sicker.
The centaur shoots an arrow.
The arrow hits you!
The centaur shoots an arrow.
The arrow hits you!
* * * LOW HITPOINT WARNING * * *
The centaur shoots an arrow.
The arrow barely misses you.
The centaur shoots an arrow.
The arrow hits you!
* * * LOW HITPOINT WARNING * * *
The centaur shoots an arrow.
The arrow hits you but does no damage.
The centaur shoots an arrow.
The arrow hits you!
* * * LOW HITPOINT WARNING * * *
The centaur shoots an arrow.
The arrow hits you!
You die...

#.##..#.#
#####.#..PPPPP#
##.##..##
#..##PPPPP##
##.#### #.##
###### ###≈
#.#####.#.# ≈≈
#####.##......# #≈
..##.......###
#.#≈≈##.##.##.##.#
...≈≈...##.......#
#.c≈≈..@......##.#
~.~c≈~..##.#####.#
...cc...##.#####.#
...≈≈~..##.......#
.~~~~..###########
...~≈.. ...~.~.
.~~~≈.~


You could see 4 centaurs.

Vanquished Creatures
  A cyclops (D:11)
  2 gargoyles
  A komodo dragon (D:11)
  4 trolls
  Prince Ribbit (D:6)
  A hornet (D:9)
  Grinder (D:6)
  A vampire (D:10)
  13 yaks
  Eustachio (D:4)
  3 wraiths
  An acid dragon (D:11)
  Edmund (D:4)
  Duvessa (D:5)
  A water moccasin (D:6)
  6 orc warriors
  An ice beast (D:6)
  2 black bears
  An ogre (D:6)
  A centaur (D:10)
  A phantom (D:5)
  A kobold brigand (D:7)
  3 bullfrogs
  A gnoll sergeant (D:9)
  3 scorpions
  3 wights (D:7)
  Dowan (D:5)
  9 killer bees
  3 howler monkeys (D:8)
  A jelly (D:6)
  3 hounds (D:6)
  4 orc priests
  A sleepcap (D:7)
  Ijyb (D:4)
  A gnoll bouda (D:8)
  8 iguanas
  8 orc wizards
  12 gnolls
  9 adders
  A shadow imp (D:6)
  2 white imps
  3 ufetubi
  A worm (D:2)
  28 orcs
  4 bats
  4 endoplasms
  6 giant cockroaches
  8 goblins
  5 hobgoblins
  11 jackals
  9 kobolds
  2 quokkas
  8 ball pythons
  A frilled lizard (D:3)
  3 rats
213 creatures vanquished.

Notes
Turn   | Place    | Note
-------+----------+-------------------------------------------
     0 | D:1      | Ijustatesigmund the Octopode Venom Mage began the quest for
                  | the Orb.
     0 | D:1      | Reached XP level 1. HP: 11/11 MP: 3/3
   214 | D:1      | Reached XP level 2. HP: 18/18 MP: 5/5
   221 | D:1      | Learned a level 2 spell: Poisonous Vapours
   289 | D:1      | Reached skill level 4 in Poison Magic
   341 | D:1      | Reached skill level 1 in Fighting
   741 | D:2      | Reached XP level 3. HP: 23/23 MP: 6/6
   745 | D:2      | Learned a level 3 spell: Mephitic Cloud
   839 | D:2      | Found Wiczuloh's Weapon Emporium.
  1212 | D:2      | Reached skill level 1 in Air Magic
  1292 | D:2      | Reached skill level 1 in Conjurations
  1292 | D:2      | Reached XP level 4. HP: 23/28 MP: 3/7
  2260 | D:3      | Reached XP level 5. HP: 29/33 MP: 9/9
  2347 | D:3      | You fall into a shaft and drop 2 floors!
  2347 | D:5      | Entered Level 5 of the Dungeon
  2416 | D:5      | HP: 1/49 [iguana (3)]
  2830 | D:4      | Noticed Eustachio
  3364 | D:3      | Found a faded altar of an unknown god.
  3367 | D:3      | Found a shimmering blue altar of Sif Muna.
  3598 | D:3      | Reached skill level 5 in Poison Magic
  3969 | D:4      | Reached XP level 6. HP: 32/38 MP: 7/10
  4001 | D:4      | Noticed a black bear
  4009 | D:4      | Killed a black bear
  4010 | D:4      | Reached skill level 1 in Evocations
  4117 | D:4      | Learned a level 4 spell: Olgreb's Toxic Radiance
  4273 | D:4      | Noticed Edmund
  4280 | D:4      | Killed Edmund
  4281 | D:4      | Reached XP level 7. HP: 43/43 MP: 3/12
  4476 | D:4      | Noticed Ijyb
  4488 | D:4      | Killed Ijyb
  4635 | D:4      | Killed Eustachio
  4917 | D:5      | Noticed Dowan
  4947 | D:5      | Noticed Duvessa
  4955 | D:5      | Killed Duvessa
  4956 | D:5      | Reached skill level 6 in Poison Magic
  4968 | D:5      | Killed Dowan
  4969 | D:5      | Reached XP level 8. HP: 28/48 MP: 10/14
  5336 | D:5      | Found a stormy altar of Qazlal.
  6493 | D:6      | Noticed Prince Ribbit
  6512 | D:6      | Killed Prince Ribbit
  6513 | D:6      | Reached skill level 7 in Poison Magic
  6708 | D:6      | Reached skill level 5 in Spellcasting
  6714 | D:6      | Reached XP level 9. HP: 57/57 MP: 9/16
  6905 | D:6      | Found a basalt altar of Yredelemnul.
  6931 | D:6      | Found a staircase to the Ecumenical Temple.
  6942 | Temple   | Entered the Ecumenical Temple
  7235 | Temple   | Became a worshipper of Cheibriados the Contemplative
  7683 | D:6      | Reached skill level 5 in Air Magic
  7683 | D:6      | Reached skill level 1 in Invocations
  8049 | D:6      | Noticed Grinder
  8056 | D:6      | Reached skill level 5 in Conjurations
  8223 | D:6      | Killed Grinder
  8343 | D:6      | Identified the +4 scale mail of Modern Music {Drain rPois
                  | Int+9 SInv}
  8568 | D:7      | Found a sparkling altar of Nemelex Xobeh.
  9121 | D:7      | Reached * piety under Cheibriados
  9189 | D:7      | Reached skill level 8 in Poison Magic
  9781 | D:8      | Reached XP level 10. HP: 24/63 MP: 11/19
 10431 | D:8      | Found a hazy altar of Hepliaklqana.
 10918 | D:9      | Identified a scroll of acquirement
 10918 | D:9      | Acquired the ring "Zegixiu" {rElec rN+ Int+3 Slay+2}
 11019 | D:9      | Reached ** piety under Cheibriados
 11450 | D:9      | Reached skill level 1 in Maces & Flails
 11555 | D:9      | Reached skill level 9 in Poison Magic
 11787 | D:10     | Entered Level 10 of the Dungeon
 11787 | D:10     | Noticed a gargoyle
 11790 | D:10     | Killed a gargoyle
 12256 | D:10     | Reached skill level 5 in Invocations
 12587 | D:10     | Reached XP level 11. HP: 32/70 MP: 21/21
 13369 | D:11     | Noticed a cyclops
 13378 | D:11     | Killed a cyclops
 13663 | D:11     | Reached *** piety under Cheibriados
 14146 | D:11     | Reached skill level 5 in Fighting
 14808 | D:11     | Found a staircase to the Lair.
 14937 | D:11     | HP: 1/71 [centaur/arrow (9)]
 14937 | D:11     | Shot with an arrow by a centaur

Illustrated notes

Levels and vault maps discovered:
D:1:      saegor_arrival_simple_e, layout_rooms
D:2:      layout_loops_ring, serial_shops, shop, minmay_fractal_squares_5
D:3:      layout_basic, nicolae_overflow_ecumenical_swirl, grunt_ministairs_9,
          dk_noncrumbling_2
D:4:      minmay_spotlight, layout_loops_ring, nrook_mini_vaults,
          hangedman_decor_slide_cut, uniq_ijyb, uniq_edmund, uniq_eustachio
D:5:      layout_loops_ring, mainiacjoe_overflow_24_doors, uniq_duvessa
D:6:      layout_cave_pools, mainiacjoe_overflow_alcove_4,
          minmay_temple_entry_crystal_x, uniq_grinder, uniq_prince_ribbit1
D:7:      layout_loops_corners, nemelex_xobeh_ov_fountains_minmay
D:8:      layout_basic, nicolae_hepliaklqana_hazy_memory
D:9:      layout_loops_ring, kennysheep_generic_room_15
D:10:     layout_irregular_city
D:11:     layout_loops_cross, david_lair_shrubbed, david_orc_4,
          chequers_serial_rivers_small_3
Temple:   minmay_temple_bridge_d

Skill      XL: |  1  2  3  4  5  6  7  8  9 10 11 |
---------------+----------------------------------+-----
Poison Magic   | 4 5 6 7 8 9 |  9.8
Fighting       | 1 3 4 5 |  5.1
Air Magic      | 1 2 3 4 6 7 |  7.4
Conjurations   | 1 2 3 4 6 7 |  7.3
Spellcasting   | 3 4 5 6 7 |  7.2
Evocations     | 2 |  2.5
Invocations    | 3 5 |  5.8
Maces & Flails | 2 3 |  3.5
Dodging        | |  2.0
Stealth        | |  2.6
Transmutations | |  1.0

Action                     |  1- 3 |  4- 6 |  7- 9 | 10-12 || total
---------------------------+-------+-------+-------+-------++-------
  Melee: Unarmed           |    37 |       |       |       ||    37
         Constrict         |    15 |    25 |    34 |    13 ||    87
         Tentacles         |     9 |    23 |    46 |    43 ||   121
         Spear             |    26 |    58 |       |       ||    84
         Dagger            |     3 |       |       |       ||     3
         Punch             |     1 |       |     3 |     3 ||     7
         Flail             |       |    46 |   123 |   108 ||   277
   Cast: Sting             |     4 |     2 |     7 |     1 ||    14
         Poisonous Vapours |    11 |    31 |    43 |    26 ||   111
         Mephitic Cloud    |       |     1 |     4 |    11 ||    16
         Olgreb's Toxic Ra |       |       |    10 |    23 ||    33
 Invoke: Bend Time         |       |       |     1 |       ||     1
  Evoke: Wand              |       |     5 |    15 |    10 ||    30
    Use: Scroll            |       |     6 |     4 |     9 ||    19
         Potion            |       |     2 |     4 |     4 ||    10
   Stab: Sleeping          |     2 |       |     2 |     2 ||     6
         Confused          |       |     2 |       |     5 ||     7
         Invisible         |       |       |     2 |       ||     2
         Paralysed         |       |       |       |     2 ||     2
 Armour: Skin              |     8 |    16 |    23 |    39 ||    86
  Dodge: Dodged            |    49 |    62 |   100 |    92 ||   303

Table legend: (Time is in decaauts)
 A = Elapsed time spent in this place.
 B = Non-inter-level travel time spent in this place.
 C = Inter-level travel time spent in this place.
 D = Time resting spent in this place.
 E = Time spent auto-exploring this place.
 F = Levels seen in this place.
 G = Mean time per level.
                   A        B        C        D        E       F      G
               +--------+--------+--------+--------+--------+-----+--------+
         Total |  16379 |  15907 |    472 |   5509 |   8713 |  12 | 1364.9 |
       Dungeon |  15999 |  15684 |    315 |   5509 |   8501 |  11 | 1454.5 |
        Temple |    380 |    224 |    156 |      0 |    212 |   1 |  380.0 |
               +--------+--------+--------+--------+--------+-----+--------+

Top non-repeatable levels by time:
    D:10: 2456 daAuts
     D:6: 2229 daAuts
     D:5: 1435 daAuts
     D:7: 1431 daAuts
     D:4: 1344 daAuts
     D:8: 1326 daAuts
    D:11: 1267 daAuts
     D:9: 1226 daAuts
     D:2: 1132 daAuts
     D:1: 1096 daAuts
     D:3: 1052 daAuts
  Temple: 380 daAuts
